Map: Purity and Industry LE

Players

CNInFerenCE - Winner!

  • Race: Protoss Protoss
  • League: Master
  • Spawn Location: 12:00

Steadfast

  • Race: Zerg Zerg
  • League: Grandmaster
  • Spawn Location: 3:00

VOD

Have the link to the VOD?

Description

Time

  • Played on: April 8, 2020, 9:40 p.m.
  • Length: 10:33
Show
View Real Time Build Order
Export as new Build Order

CNInFerenCE Protoss - Winner!

Build Orders: 1 Gate Expand 

Get SALT Encoding   

  12  0:00  Probe  
  13  0:12  Probe  
  14  0:20  Pylon  
  14  0:25  Probe  
  15  0:31  Assimilator  
  15  0:38  Probe (Chrono Boost)  
  16  0:45  Gateway  
  16  0:50  Probe (Chrono Boost)  
  17  0:59  Probe (Chrono Boost)  
  18  1:04  Probe  
  19  1:25  Nexus  
  19  1:27  Probe  
  20  1:37  Cybernetics Core  
  20  1:40  Probe  
  21  1:49  Assimilator  
  21  1:52  Probe  
  22  1:55  Pylon  
  22  2:04  Probe  
  23  2:13  Adept (Chrono Boost)  
  23  2:16  Warp Gate  
  23  2:18  Probe (Chrono Boost)  
  26  2:29  Probe (Chrono Boost)  
  27  2:34  Probe (Chrono Boost), Stalker (Chrono Boost)  
  30  2:37  Probe  
  30  2:44  Probe  
  30  2:49  Probe  
  32  2:53  Gateway  
  32  2:56  Probe  
  33  3:01  Probe  
  33  3:03  Robotics Facility  
  34  3:09  Probe  
  34  3:11  Assimilator  
  35  3:13  Probe  
  36  3:21  Probe  
  36  3:26  Probe  
  38  3:33  Probe  
  39  3:35  Stalker  
  39  3:38  Probe  
  42  3:45  Probe  
  42  3:47  Immortal (Chrono Boost)  
  42  3:48  Twilight Council  
  41  3:50  Pylon  
  41  3:53  Probe  
  46  4:08  Probe x2  
  48  4:16  Immortal (Chrono Boost)  
  48  4:17  Assimilator  
  48  4:20  Probe x2  
  48  4:21  Blink (Chrono Boost)  
  48  4:23  Robotics Bay  
  54  4:28  Pylon  
  54  4:31  Pylon  
  54  4:37  Gateway  
  54  4:45  Warp Prism (Chrono Boost)  
  54  4:46  Probe x2  
  58  4:54  Gateway  
  58  5:02  Gateway  
  58  5:04  Gateway  
  58  5:06  Probe  
  59  5:12  Forge  
  59  5:14  Observer  
  59  5:17  Gravitic Drive  
  59  5:20  Stalker  
  62  5:25  Stalker  
  62  5:27  Probe  
  65  5:30  Probe  
  66  5:39  Probe  
  66  5:41  Stalker  
  66  5:42  Probe  
  70  5:55  Pylon  
  70  5:56  Pylon  
  70  6:10  Disruptor (Chrono Boost)  
  70  6:13  Probe x2  
  70  6:18  Protoss Ground Weapons Level 1 (Chrono Boost)  
  75  6:21  Stalker x5  
  85  6:56  Observer  
  85  6:59  Pylon  
  85  7:01  Pylon  
  85  7:03  Nexus  
  85  7:17  Disruptor  
  85  7:19  Stalker x3  
  94  7:23  Charge  
  94  7:41  Stalker  
  96  7:52  Stalker, Disruptor  
  101  7:58  Pylon  
  101  7:59  Pylon, Probe  
  101  8:02  Pylon  
  101  8:05  Protoss Ground Weapons Level 2 (Chrono Boost), Pylon  
  102  8:07  Pylon  
  102  8:17  Gateway  
  102  8:19  Gateway  
  102  8:20  Gateway  
  102  8:27  Stalker x3  
  102  8:28  Stalker x2  
  111  8:36  Observer  
  104  8:46  Disruptor (Chrono Boost)  
  101  8:53  Stalker x6  
  116  8:56  Probe x2  
  118  9:08  Probe  
  119  9:12  Disruptor (Chrono Boost)  
  118  9:22  Probe x2  
  118  9:23  Probe  
  118  9:24  Gateway  
  121  9:27  Assimilator  
  121  9:29  Stalker  
  121  9:30  Stalker x6  
  135  9:34  Probe x2  
  135  9:35  Probe, Observer  
  138  9:39  Warp Prism (Chrono Boost)  
  140  9:52  Stalker x2  
  118  10:16  Stalker x9  
Show
View Real Time Build Order
Export as new Build Order

Steadfast Zerg 

Build Orders: Hatch First 

Get SALT Encoding   

  12  0:00  Drone  
  13  0:13  Overlord  
  13  0:17  Drone  
  14  0:31  Drone  
  14  0:32  Drone  
  16  0:49  Hatchery  
  15  0:51  Drone  
  15  0:56  Drone  
  17  1:05  Extractor  
  17  1:11  Spawning Pool  
  15  1:17  Drone  
  15  1:18  Drone  
  17  1:21  Drone  
  18  1:32  Drone  
  19  1:40  Drone  
  20  1:50  Overlord  
  20  2:02  Queen x2  
  20  2:03  Zergling x4  
  26  2:10  Metabolic Boost  
  26  2:11  Drone  
  27  2:21  Drone  
  28  2:23  Drone x2  
  30  2:39  Hatchery  
  29  2:45  Drone x2  
  29  2:47  Drone x2  
  33  2:55  Overlord  
  33  3:02  Zergling x2  
  34  3:07  Queen  
  34  3:08  Overlord  
  36  3:20  Drone  
  36  3:21  Drone x4, Overlord  
  41  3:34  Drone  
  41  3:35  Drone x2  
  43  3:50  Spore Crawler  
  43  3:52  Spore Crawler, Overlord, Roach Warren  
  43  3:53  Drone x5  
  45  4:13  Drone, Spore Crawler, Overlord  
  45  4:14  Drone x5  
  45  4:16  Lair  
  50  4:31  Drone x3  
  52  4:33  Extractor  
  52  4:34  Queen, Extractor  
  52  4:35  Evolution Chamber  
  52  4:38  Overlord  
  52  4:39  Zergling x2  
  52  4:40  Zergling x8  
  52  4:45  Drone  
  58  5:00  Drone x4  
  58  5:02  Roach  
  58  5:03  Roach x3  
  70  5:18  Zerg Missile Weapons Level 1  
  70  5:22  Roach x5, Glial Reconstitution  
  80  5:29  Roach x3  
  80  5:30  Zergling x6  
  80  5:31  Overlord x2  
  89  5:41  Overseer  
  89  5:56  Drone x3, Extractor  
  91  5:57  Drone x2  
  88  6:19  Zergling x6, Roach x3  
  88  6:21  Overlord x5  
  88  6:25  Spire  
  96  6:41  Drone x9  
  96  6:42  Extractor  
  96  6:43  Extractor  
  102  6:47  Baneling Nest  
  101  7:10  Roach x6  
  112  7:37  Extractor x2  
  109  7:40  Mutalisk x7  
  122  7:47  Hatchery  
  122  7:49  Zerg Melee Weapons Level 1  
  120  7:56  Drone x9  
  129  8:07  Overlord x4  
  129  8:17  Hatchery  
  128  8:23  Ravager  
  128  8:25  Extractor  
  128  8:28  Mutalisk x4, Extractor  
  135  8:38  Zergling x18  
  132  8:54  Roach x6  
  132  8:55  Roach x3  
  149  9:09  Zergling x6  
  134  9:18  Hatchery  
  133  9:26  Ravager x2  
  133  9:27  Ravager x3  
  133  9:28  Baneling x15  
  133  9:30  Zergling x20  
  131  9:47  Zergling x10  
  131  9:48  Zergling x18  
  145  9:57  Queen  
  110  10:08  Zergling x20  
Tags
 
Add a new tag
Caveats
  • Supply blocks, unpowered buildings, or Contaminate may cause inaccurate times.
  • Supply counts are checked every 10 seconds.